 Dungeon Crawl Stone Soup version 0.23.0-3-gf3c87f2 (webtiles) character file.

Game seed: 15316247507443829878

9072 xccam the Grappler (level 11, -3/111 HPs)
             Began as a Troll Monk on Feb 23, 2019.
             Splashed by Erica's acid (16 damage)
             ... on level 10 of the Dungeon.
             The game lasted 00:16:17 (6456 turns).

xccam the Grappler (Troll Monk)                     Turns: 6456, Time: 00:16:18

Health: -3/111     AC:  3    Str: 23    XL:     11   Next: 18%
Magic:  10/10      EV: 14    Int:  6    God:
Gold:   37         SH:  0    Dex: 13    Spells: 10/10 levels left

rFire    . . .     SeeInvis .     - Unarmed
rCold    . . .     Gourm    +   (no shield)
rNeg     . . .     Faith    .   a - +0 robe
rPois    +         Spirit   .   (helmet restricted)
rElec    .         Reflect  .   J - +0 cloak
rCorr    .         Harm     .   (gloves unavailable)
MR       .....                  (boots unavailable)
Stlth    ++........             G - amulet of regeneration
HPRegen  1.08/turn              m - ring of flight
MPRegen  0.12/turn              t - ring of poison resistance

@: corroded, slowed, very slow
A: large, unfitting armour, claws 3, fast metabolism 3, gourmand, regeneration
1, shaggy fur 1, tough skin 3
a: Evoke Flight


You were on level 10 of the Dungeon.
You were not hungry.

You visited 2 branches of the dungeon, and saw 11 of its levels.

You collected 564 gold pieces.
You spent 527 gold pieces at shops.

Inventory:

Hand Weapons
 E - a +2 giant spiked club
Missiles
 p - 12 large rocks (quivered)
Armour
 a - a +0 robe (worn)
 J - a +0 cloak (worn)
Jewellery
 e - an uncursed amulet of guardian spirit {unknown}
 m - a ring of flight (left claw)
 t - a ring of poison resistance (right claw)
 G - an amulet of regeneration (around neck)
 M - a +1 ring of slaying {unknown}
Wands
 r - a wand of flame (21)
 w - a wand of disintegration (11)
 A - a wand of paralysis (10)
 B - a wand of acid (7)
 K - a wand of enslavement (8)
Scrolls
 c - a scroll of enchant weapon {unknown}
 f - 3 scrolls of blinking {unknown}
 l - 3 scrolls of magic mapping {unknown}
 s - 6 scrolls of enchant armour {unknown}
 v - 5 scrolls of teleportation {unknown}
 y - 3 scrolls of amnesia {unknown}
 C - 3 scrolls of fog {unknown}
 D - 4 scrolls of remove curse {unknown}
 F - a scroll of random uselessness {unknown}
Potions
 d - a potion of flight
 g - 3 potions of haste
 i - a potion of magic
 j - 4 potions of might
 k - 3 potions of lignification
 n - 2 potions of mutation
 o - 5 potions of curing
 q - 4 potions of agility
 u - 3 potions of berserk rage
 x - a potion of ambrosia
 z - 2 potions of degeneration
 H - a potion of brilliance {unknown}
 L - 2 potions of invisibility
Comestibles
 b - 23 rations


   Skills:
 - Level 7.9 Fighting
 + Level 3.3 Maces & Flails
 - Level 5.3 Throwing
 - Level 7.7 Dodging
 - Level 1.0 Stealth
 - Level 10.4 Unarmed Combat


You had 10 spell levels left.
You didn't know any spells.
Your spell library contained the following spells:

 Spells                   Type           Power        Failure   Level  Hunger
 Animate Skeleton         Necr           N/A          45%         1    ##.....
 Apportation              Tloc           #.....       45%         1    ##.....
 Confusing Touch          Hex            #.....       45%         1    ##.....
 Magic Dart               Conj           #...         45%         1    ##.....
 Summon Small Mammal      Summ           #...         45%         1    ##.....
 Blink                    Tloc           N/A          58%         2    ###....
 Call Imp                 Summ           #.......     58%         2    ###....
 Slow                     Hex            #.......     58%         2    ###....
 Conjure Flame            Conj/Fire      #.......     83%         3    ####...
 Mephitic Cloud           Conj/Pois/Air  #.......     83%         3    ####...


Dungeon Overview and Level Annotations

Branches:
Dungeon (10/15)            Temple (1/1) D:5            Lair (0/6) D:9
    Orc: D:9-12

Altars:
Ashenzari
Cheibriados
Dithmenos
Elyvilon
Fedhas
Gozag
Hepliaklqana
Kikubaaqudgha
Makhleb
Nemelex Xobeh
Okawaru
Qazlal
Ru
Sif Muna
Trog
Uskayaw
Vehumet
Wu Jian
Xom
Yredelemnul
Zin
The Shining One

Shops:
D:10 !:

Annotations:
D:10 Erica


Innate Abilities, Weirdness & Mutations

You are too large for most types of armour.
You have claws for hands.
Your metabolism is lightning-fast.
You like to eat raw meat.
Your natural rate of healing is unusually fast.
You are covered in fur. (AC +1)
You have extremely tough skin. (AC +3)


Message History

The hippogriff misses you. The hippogriff barely misses you.
The hippogriff claws you.
* * * LOW HITPOINT WARNING * * *
You feel much better.
Erica says, "I'm so much better than you."
Erica barely misses you.
The hippogriff bites you but does no damage.
The hippogriff pecks you!
* * * LOW HITPOINT WARNING * * *
The hippogriff barely misses you.
Erica hits you with a +1 scimitar of flaming!
* * * LOW HITPOINT WARNING * * *
Erica burns you.
* * * LOW HITPOINT WARNING * * *
You feel much better. The hippogriff bites you. The hippogriff pecks you.
The hippogriff barely misses you.
Erica zaps a wand.
The bolt of acid hits you!!
* * * LOW HITPOINT WARNING * * *
The acid corrodes you!
You are splashed with acid!
You die...

#####≈..###########.#
#≈...............#
################.# # #.#
#. #.#
#..#################.#
.....................#
....%.?......@.......#
.............H@......#
####################.#
#<# #.#
######################.#
.......................#
.#####################.#
.# #.# .# #.#


You could see Erica and a hippogriff.

Vanquished Creatures
  Erolcha (D:10)
  A centaur warrior (D:9)
  A two-headed ogre (D:8)
  A cyclops (D:9)
  A deep elf mage (D:9)
  Maurice (D:10)
  A gargoyle (D:10)
  A troll (D:10)
  A slime creature (D:9)
  4 yaks (D:9)
  A wyvern (D:9)
  A hungry ghost (D:6)
  2 basilisks (D:9)
  A water moccasin (D:9)
  2 porcupines (D:9)
  3 orc warriors
  5 ice beasts
  A sky beast (D:6)
  A necrophage (D:8)
  A phantom (D:9)
  2 centaurs (D:6)
  3 ogres
  2 crocodiles (D:9)
  2 big kobolds
  3 bullfrogs
  A wyvern skeleton (D:10)
  A water moccasin skeleton (D:6)
  3 scorpions
  A vampire bat (D:5)
  2 howler monkeys (D:4)
  2 bullfrog zombies
  6 jellies
  3 crimson imps
  3 bullfrog skeletons
  8 orc wizards
  11 orc priests
  2 hounds
  2 iguanas
  A gnoll shaman (D:5)
  5 worker ants
  A killer bee zombie (D:8)
  A hound skeleton (D:7)
  A howler monkey skeleton (D:9)
  4 gnolls
  12 adders
  A shadow imp (D:8)
  10 oozes
  An adder skeleton (D:4)
  An adder zombie (D:9)
  3 dart slugs
  6 leopard geckos
  39 orcs
  3 ball pythons
  3 bat skeletons (D:5)
  2 bat zombies (D:5)
  6 giant cockroaches
  5 goblins
  7 hobgoblins
  8 jackals
  9 quokkas
  6 bats
  3 frilled lizards
  11 kobolds
  A leopard gecko skeleton (D:5)
  2 rats
240 creatures vanquished.

Notes
Turn   | Place    | Note
-------+----------+-------------------------------------------
     0 | D:1      | xccam the Troll Monk began the quest for the Orb.
     0 | D:1      | Reached XP level 1. HP: 22/22 MP: 0/0
   261 | D:1      | Reached XP level 2. HP: 29/29 MP: 1/1
   640 | D:2      | Found a hazy altar of Hepliaklqana.
   801 | D:2      | Reached XP level 3. HP: 31/36 MP: 2/2
   804 | D:2      | Reached skill level 4 in Unarmed Combat
   968 | D:2      | Found a glowing golden altar of the Shining One.
   975 | D:2      | Reached XP level 4. HP: 39/44 MP: 3/3
  1255 | D:3      | Reached skill level 5 in Unarmed Combat
  1311 | D:3      | Noticed an ice beast
  1326 | D:3      | Killed an ice beast
  1326 | D:3      | Reached skill level 6 in Unarmed Combat
  1326 | D:3      | Reached XP level 5. HP: 14/50 MP: 4/4
  1517 | D:3      | Found an iron altar of Okawaru.
  1517 | D:3      | Found a blossoming altar of Fedhas.
  1524 | D:3      | Found a hide-covered altar of Uskayaw.
  1533 | D:3      | Found a faded altar of an unknown god.
  1723 | D:4      | Reached XP level 6. HP: 51/59 MP: 5/5
  1759 | D:4      | Found a snail-covered altar of Cheibriados.
  1793 | D:4      | Reached skill level 1 in Throwing
  2184 | D:5      | Entered Level 5 of the Dungeon
  2336 | D:5      | Reached XP level 7. HP: 67/67 MP: 6/6
  2520 | D:5      | Found a sparkling altar of Nemelex Xobeh.
  2557 | D:5      | Found a staircase to the Ecumenical Temple.
  2588 | Temple   | Entered the Ecumenical Temple
  2860 | D:5      | Reached skill level 7 in Unarmed Combat
  3102 | D:5      | Found a basalt altar of Yredelemnul.
  3197 | D:5      | Found an ancient bone altar of Kikubaaqudgha.
  3209 | D:5      | Reached XP level 8. HP: 76/78 MP: 7/7
  3728 | D:6      | Reached skill level 5 in Fighting
  3728 | D:6      | Reached skill level 5 in Dodging
  3780 | D:6      | Reached XP level 9. HP: 88/88 MP: 8/8
  3881 | D:7      | Reached skill level 8 in Unarmed Combat
  3970 | D:7      | Found an ornate altar of the Wu Jian Council.
  4203 | D:7      | Found a deep blue altar of Sif Muna.
  4275 | D:7      | Found a glowing silver altar of Zin.
  4395 | D:8      | Noticed a two-headed ogre
  4403 | D:8      | Killed a two-headed ogre
  4403 | D:8      | Reached skill level 5 in Throwing
  4462 | D:8      | Found a shattered altar of Ashenzari.
  4869 | D:9      | Found a sacrificial altar of Ru.
  4916 | D:9      | Reached skill level 9 in Unarmed Combat
  4936 | D:9      | Reached XP level 10. HP: 22/98 MP: 9/9
  5398 | D:9      | Noticed a centaur warrior
  5398 | D:9      | Noticed a cyclops
  5420 | D:9      | Killed a centaur warrior
  5421 | D:9      | HP: 3/102 [cyclops/large rock (16)]
  5423 | D:9      | Killed a cyclops
  5423 | D:9      | Reached skill level 10 in Unarmed Combat
  5537 | D:9      | Noticed a deep elf mage
  5552 | D:9      | Killed a deep elf mage
  5587 | D:9      | Found a staircase to the Lair.
  5729 | D:10     | Entered Level 10 of the Dungeon
  5745 | D:10     | Noticed Erolcha
  5756 | D:10     | Killed Erolcha
  5814 | D:10     | Noticed Maurice
  5852 | D:10     | Reached XP level 11. HP: 110/110 MP: 10/10
  5886 | D:10     | Killed Maurice
  5925 | D:10     | Reached skill level 1 in Maces & Flails
  6260 | D:10     | Found Far Cysyg's Distillery.
  6268 | D:10     | Bought a potion of berserk rage for 85 gold pieces
  6268 | D:10     | Bought a potion of heal wounds for 85 gold pieces
  6268 | D:10     | Bought 2 potions of invisibility for 272 gold pieces
  6268 | D:10     | Bought a potion of heal wounds for 85 gold pieces
  6268 | D:10     | Found Geirr's Book Shoppe.
  6435 | D:10     | Noticed Erica
  6456 | D:10     | Splashed by Erica's acid

Skill      XL: |  1  2  3  4  5  6  7  8  9 10 11 |
---------------+----------------------------------+-----
Unarmed Combat | 4 6 7 9 10 | 10.4
Throwing       | 2 3 4 5 |  5.3
Dodging        | 3 4 5 6 7 |  7.7
Fighting       | 3 4 5 6 7 |  7.9
Maces & Flails | 3 |  3.3
Stealth        | |  1.0

Action                   |  1- 3 |  4- 6 |  7- 9 | 10-12 || total
-------------------------+-------+-------+-------+-------++-------
Melee: Unarmed           |    77 |   138 |   273 |   193 ||   681
       Punch             |       |     3 |     9 |     7 ||    19
Throw: Large rock        |       |       |     4 |    14 ||    18
Evoke: Wand              |       |     2 |       |       ||     2
  Use: Potion            |       |     1 |     2 |     5 ||     8
       Scroll            |       |       |     8 |     3 ||    11
 Stab: Sleeping          |     2 |     3 |     3 |       ||     8
       Invisible         |       |       |     3 |     3 ||     6
  Eat: Chunk             |     9 |    15 |    35 |     9 ||    68
Armor: Robe              |    60 |    36 |    54 |    50 ||   200
       Skin              |       |       |     3 |     4 ||     7
Dodge: Dodged            |    38 |    61 |   154 |   131 ||   384
